 Dungeon Crawl Stone Soup version 0.31-a0-1074-g0b22e4e0f1 (webtiles) character file.

Game seed: 3251356158645696552

46 porpoise the Shooter (level 3, -7/23 HPs)
             Began as a Kobold Hunter on Dec 1, 2023.
             Killed by divine providence
             ... invoked by an orc priest
              (12 damage)
             ... on level 3 of the Dungeon.
             The game lasted 00:02:39 (1176 turns).

porpoise the Shooter (Kobold Hunter)                Turns: 1176, Time: 00:02:40

Health: -7/23      AC:  3    Str:  8    XL:     3   Next: 95%
Magic:  3/3        EV: 14    Int: 10    God:
Gold:   73         SH:  0    Dex: 20    Spells: 2/2 levels left

rFire   . . .        a - +0 shortbow
rCold   . . .        (shield currently unavailable)
rNeg    . . .        c - +0 leather armour
rPois   .            (no helmet)
rElec   .            (no cloak)
rCorr   .            (no gloves)
SInv    .            (no boots)
Will    .....        (no amulet)
Stlth   +++          (no ring)
HPRegen 0.23/turn    (no ring)
MPRegen 0.08/turn

%: no passive effects
@: no status effects
A: small, no large weapons, nightstalker 3
a: no special abilities


You were on level 3 of the Dungeon.
You visited 1 branch of the dungeon, and saw 3 of its levels.

You collected 73 gold pieces.

Inventory:

Hand Weapons
 a - a +0 shortbow (weapon)
Missiles
 f - 6 boomerangs
Armour
 c - a +0 leather armour (worn)
Jewellery
 k - an amulet of magic regeneration
Scrolls
 b - a scroll of butterflies
 d - a scroll of noise {unknown}
 g - a scroll of teleportation {unknown}
 h - a scroll of blinking {unknown}
 j - a scroll of identify {unknown}
 m - a scroll of amnesia {unknown}
 n - a scroll of fog {unknown}
Potions
 e - a potion of resistance {unknown}
 i - a potion of brilliance {unknown}
 l - a potion of invisibility {unknown}


   Skills:
 + Level 3.0 Fighting
 * Level 6.5 Ranged Weapons
 - Level 2.4 Dodging
 - Level 1.3 Stealth


You had 2 spell levels left.
You didn't know any spells.
Your spell library was empty.

Dungeon Overview and Level Annotations

Branches:
Dungeon (3/15)

Altars:

Annotations:
D:2 Sigmund


Innate Abilities, Weirdness & Mutations

You are small and have problems with some larger weapons.
You are completely attuned to the shadows.


Message History

The orc hits you with a +0 club.
An orc priest comes into view. It is wielding a +0 flail.
The orc attacks as it pursues you! The orc hits you but does no damage.
You shoot an arrow. The arrow hits the orc.
You kill the orc!
You shoot an arrow.
The arrow hits the orc but does no damage.
You shoot an arrow. The arrow hits the orc!
You kill the orc!
The orc priest invokes the aid of Beogh against you.
Beogh smites you!
Ouch! That really hurt!
You are too injured to fight recklessly!
You are too injured to fight recklessly!
Fire: a) +0 shortbow
Press: ? - help, Q - select action, (/) - cycle Shift-Dir - straight line, f - orc priest
Aim: an orc priest, wielding a +0 flail and wearing a +0 leather armour (66% to hit)
You shoot an arrow. The arrow barely misses the orc priest.
Fire: a) +0 shortbow
Press: ? - help, Q - select action, (/) - cycle Shift-Dir - straight line, f/p - orc priest
Aim: an orc priest, wielding a +0 flail and wearing a +0 leather armour (66% to hit)
You shoot an arrow. The arrow hits the orc priest.
The orc priest is lightly wounded.
Fire: a) +0 shortbow
Press: ? - help, Q - select action, (/) - cycle Shift-Dir - straight line, f/p - orc priest
Aim: an orc priest, wielding a +0 flail and wearing a +0 leather armour (lightly wounded, 66% to hit)
You shoot an arrow. The arrow hits the orc priest!
The orc priest is heavily wounded.
The orc priest barely misses you.
The orc priest hits you with a +0 flail.
* * * LOW HITPOINT WARNING * * *
Fire: a) +0 shortbow
Press: ? - help, Q - select action, (/) - cycle Shift-Dir - straight line, f/p - orc priest
Aim: an orc priest, wielding a +0 flail and wearing a +0 leather armour (heavily wounded, 66% to hit)
You shoot an arrow. The arrow hits the orc priest.
The orc priest is severely wounded.
The orc priest mumbles some strange prayers to Beogh against you.
Beogh smites you!
Ouch! That really hurt!
You die...

#.# #.###### .
#....... ..####
........ o..o.#
..#..... #.#
#.#.###. #.#
#.#...# #.#
#.#...# #o#
#.#...####.##
#@#
..#.........
#.#
###....###.#
#.# #......#.#
#.# #........#
#.# ####.....#
#.#
....##.#####.##
###.#.........#
.....########


You could see an orc priest.

Vanquished Creatures
  An adder (D:2)
  2 dart slugs (D:1)
  2 orcs (D:3)
  2 ball pythons
  A bat (D:1)
  5 endoplasms
  A giant cockroach (D:2)
  2 goblins (D:1)
  2 hobgoblins
  2 quokkas
  A frilled lizard (D:1)
  5 kobolds
  3 rats
29 creatures vanquished.

Notes
Turn   | Place    | Note
-------+----------+-------------------------------------------
     0 | D:1      | porpoise the Kobold Hunter began the quest for the Orb.
     0 | D:1      | Reached XP level 1. HP: 12/12 MP: 1/1
   257 | D:1      | Reached XP level 2. HP: 18/18 MP: 2/2
   437 | D:1      | Reached skill level 6 in Ranged Weapons
   497 | D:1      | Reached XP level 3. HP: 22/22 MP: 3/3
  1014 | D:2      | Noticed Sigmund
  1176 | D:3      | Killed from afar by an orc priest

Illustrated notes

Levels and vault maps discovered:
D:1:      onia_arrival_mini_maze_b, layout_basic
D:2:      layout_basic, minmay_circle_x, uniq_sigmund
D:3:      layout_basic, st_stairs_7, minivault_24, uniq_robin, uniq_jessica

Skill      XL: |  1  2  3 |
---------------+----------+-----
Ranged Weapons | 6 |  6.5
Fighting       | 3 |  3.0
Dodging        | |  2.4
Stealth        | |  1.3

Action                     || total
---------------------------++-------
   Fire: Shortbow          ||    75
 Armour: Leather armour    ||     8
  Dodge: Dodged            ||    13

Table legend: (Time is in decaauts)
 A = Elapsed time spent in this place.
 B = Non-inter-level travel time spent in this place.
 C = Inter-level travel time spent in this place.
 D = Time resting spent in this place.
 E = Time spent auto-exploring this place.
 F = Levels seen in this place.
 G = Mean time per level.
                   A        B        C        D        E       F      G
               +--------+--------+--------+--------+--------+-----+--------+
         Total |   1187 |   1081 |    106 |      0 |    923 |   3 |  395.7 |
       Dungeon |   1187 |   1081 |    106 |      0 |    923 |   3 |  395.7 |
               +--------+--------+--------+--------+--------+-----+--------+

Top non-repeatable levels by time:
     D:1: 868 daAuts
     D:2: 249 daAuts
     D:3: 68 daAuts
